 Dungeon Crawl Stone Soup version 0.21.1-1-g345015fe64 (webtiles) character file.

347 Peloso the Slasher (level 6, -5/57 HPs)
             Began as a Deep Dwarf Fighter on Apr 21, 2018.
             Slain by asdpro's ghost (14 damage)
             ... on level 3 of the Dungeon.
             The game lasted 00:05:58 (1837 turns).

Peloso the Slasher (Deep Dwarf Fighter)             Turns: 1837, Time: 00:05:58

Health: -5/57      AC:  8    Str: 26    XL:     6   Next: 33%
Magic:  5/5        EV:  8    Int:  9    God:
Gold:   21         SH: 10    Dex: 12    Spells: 5/5 levels left

rFire    . . .     SeeInvis .   a - +0 long sword
rCold    . . .     Gourm    .   c - +0 shield
rNeg     . . .     Faith    .   b - +0 scale mail
rPois    +         Spirit   .   (no helmet)
rElec    .         Reflect  .   (no cloak)
rCorr    .         Harm     .   m - +0 pair of gloves
MR       .....                  (no boots)
Stlth    ..........             (no amulet)
HPRegen  0.00/turn              r - ring of poison resistance
MPRegen  0.09/turn              (no ring)

@: mighty, non-regenerating
A: damage resistance, heal wounds, sense surroundings 1, no regeneration
a: Heal Wounds


You were on level 3 of the Dungeon.
You were not hungry.

You visited 1 branch of the dungeon, and saw 3 of its levels.

You collected 21 gold pieces.

Inventory:

Hand Weapons
 a - a +0 long sword (weapon)
Armour
 b - a +0 scale mail (worn)
 c - a +0 shield (worn)
 m - a +0 pair of gloves (worn)
Jewellery
 r - a ring of poison resistance (left hand)
Scrolls
 h - a scroll of teleportation {unknown}
 i - a scroll of blinking {unknown}
 j - a scroll of immolation {unknown}
 l - a scroll of fear {unknown}
 o - a scroll of enchant armour {unknown}
 q - 5 scrolls of identify {unknown}
 t - 2 scrolls of noise {unknown}
Potions
 e - a potion of agility {unknown}
 g - a potion of degeneration {unknown}
 k - a potion of ambrosia {unknown}
 p - a potion of magic {unknown}
 s - a potion of cancellation {unknown}
Comestibles
 f - 7 rations
 n - 3 chunks of flesh


   Skills:
 + Level 3.7 Fighting
 + Level 4.5 Long Blades
 + Level 4.3 Armour
 + Level 1.6 Dodging
 + Level 0.1 Stealth
 + Level 4.3 Shields


You had 5 spell levels left.
You didn't know any spells.

Dungeon Overview and Level Annotations

Branches:
Dungeon (3/15)

Altars:

Annotations:
D:3 asdpro's ghost, amateur GnFi


Innate Abilities, Weirdness & Mutations

You are resistant to damage.
You can heal yourself by infusing magical energy.
You passively map a small area around you.
You do not regenerate.


Message History

You climb downwards.
Level annotation: asdpro's ghost, amateur GnFi The adder completely misses you.
Asdpro's ghost hits you! The adder barely misses you.
Asdpro's ghost closely misses you.
There is a stone staircase leading up, spattered with blood here.
You slash asdpro's ghost!
Asdpro's ghost is heavily damaged.
You block the adder's attack. The adder barely misses you.
Asdpro's ghost barely misses you.
Unknown command.
You slash asdpro's ghost!
Asdpro's ghost is severely damaged.
You block the adder's attack. Asdpro's ghost hits you!
* * * LOW HITPOINT WARNING * * *
The adder closely misses you.
Unknown command.
You slash asdpro's ghost!
Asdpro's ghost is almost destroyed.
Asdpro's ghost hits you!
You die...

.....#.#.........#
... *
#.....#.######.#...,
###...#.######.#.#
#...#'#........##
#.......)........
#...........####.*
#...........#
#...S.......#
####W@......####.#*
#........'......
#........#####..
#........# *
#........# ,
#........# ,
#........#*
#........# , ,
..........#*,,


You could see asdpro's ghost and an adder.

Vanquished Creatures
  Grinder (D:3)
  A bullfrog skeleton (D:2)
  5 adders
  2 worms
  4 dart slugs (D:1)
  2 leopard geckos
  2 orcs (D:3)
  7 bats
  6 giant cockroaches
  5 goblins
  9 hobgoblins
  7 jackals
  2 quokkas (D:3)
  A ball python (D:2)
  4 frilled lizards
  6 kobolds
  10 rats
74 creatures vanquished.

Notes
Turn   | Place    | Note
-------+----------+-------------------------------------------
     0 | D:1      | Peloso the Deep Dwarf Fighter began the quest for the Orb.
     0 | D:1      | Reached XP level 1. HP: 20/20 MP: 1/1
   109 | D:1      | Reached XP level 2. HP: 28/28 MP: 2/2
   327 | D:1      | Reached XP level 3. HP: 32/34 MP: 3/3
  1043 | D:2      | Reached XP level 4. HP: 24/42 MP: 4/4
  1164 | D:2      | Reached skill level 1 in Dodging
  1508 | D:3      | Reached XP level 5. HP: 12/49 MP: 5/5
  1790 | D:3      | Noticed Grinder
  1803 | D:3      | Killed Grinder
  1803 | D:3      | Reached XP level 6. HP: 18/57 MP: 6/6
  1821 | D:3      | Noticed asdpro's ghost (amateur GnFi)
  1837 | D:3      | Slain by asdpro's ghost

Skill      XL: |  1  2  3  4  5 |
---------------+----------------+-----
Fighting       | 3 |  3.7
Long Blades    | 3 4 |  4.5
Armour         | 4 |  4.3
Dodging        | 1 |  1.6
Shields        | 4 |  4.3
Stealth        | |  0.1

Action                   |  1- 3 |  4- 6 || total
-------------------------+-------+-------++-------
Melee: Long sword        |   120 |   115 ||   235
 Abil: Heal Wounds       |       |     2 ||     2
  Use: Potion            |       |     1 ||     1
  Eat: Chunk             |     1 |     3 ||     4
Armor: Scale mail        |    54 |    51 ||   105
Dodge: Dodged            |    38 |    41 ||    79
Block: Shield            |    78 |    71 ||   149
       Rpst.: Long sword |    13 |    13 ||    26
